 Dungeon Crawl Stone Soup version 0.24-a0-91-g4e4936a (console) character file.

Game seed: 7871811831668296540

10901 Voker57 the Carver (level 11, 0/78 HPs)
             Began as a Demonspawn Gladiator on Feb 8, 2019.
             Was a Priest of Hepliaklqana.
             Slain by an orc knight
             ... wielding a +3 great sword
              (11 damage)
             ... on level 2 of the Orcish Mines.
             The game lasted 00:26:39 (12565 turns).

Voker57 the Carver (Demonspawn Gladiator)          Turns: 12565, Time: 00:26:39

Health: 0/78       AC: 14    Str: 16    XL:     11   Next: 42%
Magic:  0/17       EV: 24    Int: 12    God:    Hepliaklqana [***...]
Gold:   559        SH:  0    Dex: 24    Spells: 10/10 levels left

rFire    + . .     SeeInvis .   a - +10 falchion {drain, rC+ rN+ Int+3}
rCold    + + .     Gourm    .   (no shield)
rNeg     + + +     Faith    +   P - +0 leather armour "Tiegra" {-Cast rN++ Regen+ Str+2}
rPois    .         Spirit   +   c - +0 helmet
rElec    .         Reflect  .   r - scarf {cloud immunity}
rCorr    .         Harm     .   (no gloves)
MR       .....     NoCast   +   (no boots)
Stlth    +++.......             i - amulet of faith
HPRegen  0.63/turn              o - +4 ring of protection
MPRegen  0.15/turn              v - ring of protection from fire

@: agile, about to teleport
A: reduced essence, claws 2, iridescent scales 3, cold resistance 1, magic
shield
a: Recall Ancestor, Ancestor Identity, Transference, Renounce Religion


You were on level 2 of the Orcish Mines.
You worshipped Hepliaklqana.
Hepliaklqana was most pleased with you.
You were not hungry.

You visited 3 branches of the dungeon, and saw 14 of its levels.

You collected 559 gold pieces.

Inventory:

Hand Weapons
 a - the +10 falchion of Hafum (weapon) {drain, rC+ rN+ Int+3}
   (You found it on level 8 of the Dungeon)

   A truly terrible weapon, it drains the life of those it strikes.
   It affects your intelligence (+3).
   It protects you from cold.
   It protects you from negative energy.
 b - a +0 short sword of venom
 t - a +3 mace
 M - a +0 long sword
 Q - a +0 scimitar of flaming
Missiles
 s - 3 poisoned javelins (quivered)
Armour
 c - a +0 helmet (worn)
 m - a +0 leather armour
 r - a scarf of cloud immunity (worn)
 w - a +1 robe of magic resistance
 P - the +0 leather armour "Tiegra" (worn) {-Cast rN++ Regen+ Str+2}
   (You found it on level 11 of the Dungeon)

   It affects your strength (+2).
   It greatly protects you from negative energy.
   It prevents spellcasting.
   It increases your rate of regeneration.
Jewellery
 e - an uncursed ring of protection from fire
 h - a cursed amulet of inaccuracy
 i - an amulet of faith (around neck)
 l - an uncursed amulet of guardian spirit
 o - a +4 ring of protection (left claw)
 v - a ring of protection from fire (right claw)
 E - an uncursed ring of wizardry
 G - a cursed ring of attention {unknown}
 I - a cursed ring of attention {unknown}
Wands
 n - a wand of disintegration (18)
 y - a wand of random effects (13)
 C - a wand of enslavement (13)
 L - a wand of iceblast (14)
 N - a wand of paralysis (9)
 O - a wand of polymorph (9)
Scrolls
 d - a scroll of fog {unknown}
 k - a scroll of enchant weapon
 q - 2 scrolls of teleportation
 u - 5 scrolls of remove curse
 D - 4 scrolls of identify
 K - a scroll of torment {unknown}
Potions
 g - a potion of brilliance
 j - 2 potions of lignification
 p - a potion of cancellation {unknown}
 x - a potion of agility
 z - 3 potions of might {unknown}
 A - 2 potions of magic {unknown}
 B - a potion of degeneration {unknown}
 F - 2 potions of invisibility {unknown}
 J - a potion of haste {unknown}
Comestibles
 f - 23 rations


   Skills:
 + Level 8.8 Fighting
 * Level 11.3 Long Blades
 - Level 1.7 Throwing
 + Level 8.3 Dodging
 + Level 8.6 Invocations


You had 10 spell levels left.
You didn't know any spells.
Your spell library contained the following spells:

 Spells                   Type           Power        Failure   Level  Hunger
 Animate Skeleton         Necr           N/A          38%         1    ##.....
 Pain                     Necr           #...         38%         1    ##.....
 Regeneration             Chrm/Necr      #.........   77%         3    ####...
 Vampiric Draining        Necr           #.........   77%         3    ####...
 Animate Dead             Necr           N/A          99%         4    #####..


Dungeon Overview and Level Annotations

Branches:
Dungeon (11/15)            Temple (1/1) D:5            Lair (0/6) D:11
    Orc (1/2) D:9

Altars:
Ashenzari
Cheibriados
Dithmenos
Elyvilon
Fedhas
Gozag
Hepliaklqana
Kikubaaqudgha
Makhleb
Nemelex Xobeh
Okawaru
Qazlal
Ru
Sif Muna
Trog
Uskayaw
Vehumet
Wu Jian
Xom
Yredelemnul
Zin
The Shining One

Shops:
D:7 :(=   D:11 =   Orc:2 ?

Annotations:
D:4 2 runed translucent doors, Phizionomy's ghost, novice KoSu
Orc:2 Rupert; Snorg


Innate Abilities, Weirdness & Mutations

You have very sharp fingernails.
You are completely covered in iridescent scales. (AC +6)
Your flesh is cold resistant. (rC+)
When hurt, damage is shared between your health and your magic reserves.
Your life essence is reduced to manifest your ancestor. (-10% HP)


Message History

You're too confused!
You feel better.
An orc high priest comes into view. It is wielding a +0 trident.
An orc knight comes into view. It is wielding a +0 great sword.
The orc priest completely misses you.
You hear a shout!
The orc sorcerer casts a spell.
As you read the scroll of teleportation, it crumbles to dust.
You feel strangely unstable.
The orc high priest invokes the aid of Beogh against you.
Beogh smites you!
* * * LOW HITPOINT WARNING * * *
Rupert hits you with a +1 great sword of slicing.
* * * LOW HITPOINT WARNING * * *
x2 An orc sorcerer comes into view. It is wielding a +4 dagger of venom.
The orc priest invokes the aid of Beogh against you.
You are unaffected.
The orc priest misses you.
An orc warrior comes into view. It is wielding a +0 war axe.
The orc knight hits you with a +3 great sword!
You die...

#####
....#####
##.ooo.##
#..@@o..#
#..o##o#.∩#
#.. o# #
#.. .. #o
o.# # ...
.o.# o...


You could see Rupert, 2 orc knights, 2 orc high priests, an orc sorcerer, 2 orc
warriors, 2 orc priests and 2 orc wizards.

Vanquished Creatures
  Erica (Orc:1)
  2 two-headed ogres (D:9)
  An ugly thing (D:11)
  3 hippogriffs
  A spriggan (D:10)
  5 yaks
  4 wargs
  2 orc warriors
  A sky beast (D:9)
  A black bear (D:8)
  Purgy (D:3)
  A necrophage (D:9)
  2 ice beasts
  A phantom (D:9)
  4 ogres
  2 centaurs
  4 bullfrogs
  4 scorpions
  A howler monkey (D:5)
  A crimson imp (D:6)
  A centaur zombie (D:7)
  4 hounds
  2 quasits (D:9)
  A bullfrog zombie (D:8)
  8 orc priests
  Crazy Yiuf (D:3)
  2 jellies
  4 orc wizards
  3 centaur skeletons
  6 iguanas
  9 worker ants
  A hound skeleton (D:5)
  A worker ant zombie (D:8)
  9 gnolls
  A howler monkey skeleton (D:10)
  19 adders
  A shadow imp (D:10)
  2 adder zombies
  A worm (D:3)
  A dart slug (D:2)
  9 leopard geckos
  27 orcs
  7 giant cockroaches
  5 goblins
  7 hobgoblins
  11 jackals
  5 quokkas
  2 ball pythons
  A ball python skeleton (D:4)
  10 bats
  8 frilled lizards
  A giant cockroach zombie (D:5)
  7 kobolds
  A leopard gecko zombie (D:6)
  A quokka zombie (D:6)
  4 rats
225 creatures vanquished.

Vanquished Creatures (collateral kills)
  Gastronok (D:8)
  A two-headed ogre (D:11)
  2 yaks (D:10)
  A centaur (D:8)
  A bullfrog (D:11)
  A wyvern zombie (D:7)
  2 crimson imps
  A bullfrog skeleton (D:8)
  An orc wizard (Orc:2)
  A gnoll shaman (D:8)
  An iron imp (D:7)
  Jessica (D:9)
  An iguana (D:11)
  A worker ant (D:7)
  A worker ant zombie (D:8)
  A gnoll (Orc:2)
  An adder skeleton (D:8)
  5 orcs
24 creatures vanquished.

Vanquished Creatures (others)
  An ancestor (D:9)
  A battlemage (Orc:2)
2 creatures vanquished.

Grand Total: 251 creatures vanquished

Notes
Turn   | Place    | Note
-------+----------+-------------------------------------------
     0 | D:1      | Voker57 the Demonspawn Gladiator began the quest for the
                  | Orb.
     0 | D:1      | Reached XP level 1. HP: 16/16 MP: 1/1
   156 | D:1      | Reached skill level 3 in Long Blades
   156 | D:1      | Gained mutation: When hurt, damage is shared between your
                  | health and your magic reserves. [demonic ancestry]
   156 | D:1      | Reached XP level 2. HP: 19/22 MP: 2/2
   728 | D:2      | Found a stormy altar of Qazlal.
   791 | D:2      | Gained mutation: You are partially covered in iridescent
                  | scales. (AC +2) [demonic ancestry]
   791 | D:2      | Reached XP level 3. HP: 19/28 MP: 3/3
  1275 | D:2      | Gained mutation: You have sharp fingernails. [demonic
                  | ancestry]
  1275 | D:2      | Reached XP level 4. HP: 28/34 MP: 2/4
  1756 | D:2      | Found an ancient bone altar of Kikubaaqudgha.
  1757 | D:2      | Found a glowing silver altar of Zin.
  1759 | D:2      | Found an iron altar of Okawaru.
  2005 | D:3      | Reached skill level 4 in Long Blades
  2644 | D:3      | Reached XP level 5. HP: 39/41 MP: 5/5
  2837 | D:3      | Found a runed translucent door.
  2838 | D:3      | Noticed Crazy Yiuf
  2979 | D:3      | Noticed Purgy
  2999 | D:3      | Killed Purgy
  3116 | D:3      | Killed Crazy Yiuf
  3116 | D:3      | Gained mutation: You are mostly covered in iridescent
                  | scales. (AC +4) [demonic ancestry]
  3116 | D:3      | Reached XP level 6. HP: 33/47 MP: 4/6
  3255 | D:4      | Reached skill level 5 in Long Blades
  3763 | D:4      | Found a runed translucent door.
  3763 | D:4      | Noticed Phizionomy's ghost (novice KoSu)
  4465 | D:4      | Gained mutation: You are completely covered in iridescent
                  | scales. (AC +6) [demonic ancestry]
  4465 | D:4      | Reached XP level 7. HP: 54/54 MP: 7/7
  4487 | D:4      | Found a runed translucent door.
  4488 | D:4      | Found a glowing silver altar of Zin.
  4488 | D:4      | Noticed an angel
  5284 | D:5      | Entered Level 5 of the Dungeon
  5412 | D:5      | Reached skill level 6 in Long Blades
  5780 | D:5      | Found a staircase to the Ecumenical Temple.
  5791 | Temple   | Entered the Ecumenical Temple
  6330 | D:6      | Found a shattered altar of Ashenzari.
  6335 | D:6      | Reached XP level 8. HP: 61/61 MP: 8/8
  6379 | D:6      | Reached skill level 5 in Fighting
  6379 | D:6      | Reached skill level 5 in Dodging
  6406 | D:6      | Found a basalt altar of Yredelemnul.
  6821 | D:5      | Reached skill level 7 in Long Blades
  7283 | D:6      | Found a hide-covered altar of Uskayaw.
  8079 | D:7      | Found a shimmering altar of Xom.
  8080 | D:7      | Found a hazy altar of Hepliaklqana.
  8080 | D:7      | Noticed a hell beast
  8081 | D:7      | Noticed a hell beast
  8081 | D:7      | Noticed a spectral ugly thing
  8090 | D:7      | Became a worshipper of Hepliaklqana the Forgotten
  8126 | D:7      | Found Joaxieck's Book Boutique.
  8290 | D:7      | Found Purait's Antique Weapon Shoppe.
  8348 | D:7      | Reached skill level 1 in Invocations
  8595 | D:7      | Found Xofuycuj's Jewellery Emporium.
  8899 | D:7      | Found a snail-covered altar of Cheibriados.
  8981 | D:7      | Noticed a hippogriff
  8994 | D:7      | Killed a hippogriff
  9048 | D:8      | Reached * piety under Hepliaklqana
  9071 | D:8      | Reached skill level 8 in Long Blades
  9108 | D:8      | Gained mutation: Your flesh is cold resistant. (rC+)
                  | [demonic ancestry]
  9108 | D:8      | Reached XP level 9. HP: 41/62 MP: 7/10
  9168 | D:8      | Noticed Gastronok
  9429 | D:8      | Killed Gastronok
  9429 | D:8      | Reached skill level 9 in Long Blades
  9429 | D:8      | Reached skill level 5 in Invocations
  9487 | D:8      | Reached XP level 10. HP: 37/71 MP: 9/14
  9936 | D:8      | Got a smoking falchion
  9937 | D:8      | Identified the +10 falchion of Hafum {drain, rC+ rN+ Int+3}
                  | (You found it on level 8 of the Dungeon)
  9938 | D:8      | niiiiiiiiice
 10253 | D:9      | Found a staircase to the Orcish Mines.
 10593 | D:9      | Noticed a two-headed ogre
 10618 | D:9      | Killed a two-headed ogre
 10618 | D:9      | Reached skill level 10 in Long Blades
 10676 | D:9      | Noticed a two-headed ogre
 10687 | D:9      | Killed a two-headed ogre
 10902 | D:9      | Reached ** piety under Hepliaklqana
 10919 | D:9      | Remembered your ancestor Bintanath as a battlemage
 11150 | D:9      | Noticed Jessica
 11158 | D:9      | Found a deep blue altar of Sif Muna.
 11163 | D:9      | Killed Jessica
 11248 | D:10     | Entered Level 10 of the Dungeon
 11496 | D:10     | Found a shimmering altar of Xom.
 11496 | D:10     | Found a shimmering altar of Xom.
 11496 | D:10     | Found a shimmering altar of Xom.
 11498 | D:10     | Found a shimmering altar of Xom.
 11540 | D:10     | Gained mutation: You have very sharp fingernails. [demonic
                  | ancestry]
 11540 | D:10     | Reached XP level 11. HP: 55/77 MP: 10/16
 11749 | D:10     | Found a shimmering altar of Xom.
 12019 | D:11     | Found a staircase to the Lair.
 12023 | D:11     | Noticed a two-headed ogre
 12036 | D:11     | Killed a two-headed ogre
 12036 | D:11     | Reached skill level 11 in Long Blades
 12046 | D:11     | Reached *** piety under Hepliaklqana
 12061 | D:11     | Got a transparent leather armour
 12072 | D:11     | Identified the +0 leather armour "Tiegra" {-Cast rN++
                  | Regen+ Str+2} (You found it on level 11 of the Dungeon)
 12121 | D:11     | Noticed a green ugly thing
 12138 | D:11     | Killed a green ugly thing
 12253 | D:11     | Found Jigryil's Jewellery Shoppe.
 12364 | Orc:1    | Entered Level 1 of the Orcish Mines
 12367 | Orc:1    | Noticed Erica
 12522 | Orc:1    | Killed Erica
 12529 | Orc:1    | You fall through a shaft!
 12529 | Orc:2    | Entered Level 2 of the Orcish Mines
 12542 | Orc:2    | Found an iron altar of Okawaru.
 12542 | Orc:2    | Noticed Snorg
 12563 | Orc:2    | Found Kuogh's Magic Scroll Boutique.
 12563 | Orc:2    | Noticed an orc knight
 12563 | Orc:2    | Noticed an orc knight
 12563 | Orc:2    | Noticed an orc high priest
 12563 | Orc:2    | Noticed an orc sorcerer
 12563 | Orc:2    | Noticed an orc high priest
 12564 | Orc:2    | Noticed Rupert
 12564 | Orc:2    | goodbye i guess
 12564 | Orc:2    | nice artifacts :(
 12564 | Orc:2    | Noticed an orc high priest
 12564 | Orc:2    | Noticed an orc knight
 12565 | Orc:2    | Noticed an orc sorcerer
 12565 | Orc:2    | Slain by an orc knight

Levels and vault maps discovered:
D:1:      lightli_arrival_flooded_house, layout_basic
D:2:      layout_basic, grunt_qazlal_clouds, minitemple, first_ration
D:3:      layout_loops_cross, minmay_circle_x, uniq_crazy_yiuf_cottage,
          uniq_purgy
D:4:      layout_basic, hellmonk_ghost_happy_afterlife, lemuel_angel_altar
D:5:      layout_basic, minmay_temple_entry_metal_lava
D:6:      layout_basic, eat_drink_and_be_merry_uskayaw, lemuel_round_altar,
          lemuel_crystal_altar, kennysheep_generic_room_4
D:7:      layout_loops_ring, regret_index_temple_of_mockery, slow_altar_2,
          serial_shops, shop_statue, shop,
          nicolae_shop_temple_entry_statues_fountains
D:8:      layout_loops_ring, uniq_gastronok
D:9:      layout_roguey, tgw_sif, minmay_orc_entry_guard_dogs
D:10:     layout_basic, basic_altar, the_bakery, xom_redecorated
D:11:     wad_woods_structure_01, layout_small_grid, serial_shops,
          nicolae_shop_crystal, glass_columns_a, minmay_diamond_spiral
Temple:   minmay_temple_curvy_loop
Orc:1:    layout_caves, basic_altar, uniq_erica
Orc:2:    st_orc_elflike, layout_caves, okawaru_metal_pillars_1_2, uniq_snorg,
          uniq_rupert

Skill      XL: |  1  2  3  4  5  6  7  8  9 10 11 |
---------------+----------------------------------+-----
Long Blades    | 3 4 5 6 8 9 10 11 | 11.3
Dodging        | 3 4 5 6 7 8 |  8.3
Fighting       | 3 4 6 7 8 |  8.8
Invocations    | 2 5 7 8 |  8.6
Throwing       | |  1.7

Action                   |  1- 3 |  4- 6 |  7- 9 | 10-12 || total
-------------------------+-------+-------+-------+-------++-------
Melee: Long sword        |   127 |    96 |   266 |    30 ||   519
       Short sword       |       |    71 |   173 |    49 ||   293
       Falchion          |       |       |       |   186 ||   186
Throw: Throwing net      |     2 |     2 |       |     1 ||     5
       Javelin           |       |     2 |       |     1 ||     3
Invok: Recall Ancestor   |       |       |     1 |     1 ||     2
       Ancestor Life: Ba |       |       |       |     1 ||     1
  Use: Scroll            |     4 |     2 |     6 |     4 ||    16
       Potion            |       |     1 |     2 |     2 ||     5
 Stab: Sleeping          |       |     2 |     2 |     4 ||     8
       Held in net/web   |       |     1 |       |       ||     1
       Distracted        |       |     1 |     1 |     1 ||     3
  Eat: Chunk             |     1 |    10 |    10 |    10 ||    31
       Ration            |       |       |     2 |       ||     2
Armor: Leather armour    |    46 |    17 |       |     4 ||    67
       Robe              |       |    29 |   151 |    53 ||   233
       Skin              |       |       |     8 |       ||     8
Dodge: Dodged            |   115 |   113 |   359 |   237 ||   824
       Rpst.: Long sword |    35 |    19 |    79 |     5 ||   138
       Falchion          |       |       |       |    32 ||    32

Table legend:
 A = Non-vault XP
 B = Vault XP
 C = Vault XP percentage of total XP
 D = Non-vault monster count
 E = Vault monster count
 F = Vault count percentage of total count
                 A         B        C        D         E       F
            +---------+---------+-------+---------+---------+-------
      Total |   11149 |    4424 |  28.4 |     234 |      15 |   6.0
            +---------+---------+-------+---------+---------+-------
        D:1 |      28 |       0 |   0.0 |      19 |       0 |   0.0
        D:2 |     100 |       0 |   0.0 |      23 |       0 |   0.0
        D:3 |      72 |     199 |  73.4 |      19 |       5 |  20.8
        D:4 |     536 |       0 |   0.0 |      22 |       0 |   0.0
        D:5 |     673 |       0 |   0.0 |      28 |       0 |   0.0
        D:6 |     307 |       3 |   1.0 |      20 |       1 |   4.8
        D:7 |     699 |      39 |   5.3 |      17 |       1 |   5.6
        D:8 |    1503 |    2550 |  62.9 |      29 |       2 |   6.5
        D:9 |    3153 |     525 |  14.3 |      22 |       4 |  15.4
       D:10 |     897 |     211 |  19.0 |      14 |       1 |   6.7
       D:11 |    3057 |       0 |   0.0 |      15 |       0 |   0.0
      Orc:1 |       0 |     897 | 100.0 |       0 |       1 | 100.0
      Orc:2 |     124 |       0 |   0.0 |       6 |       0 |   0.0
            +---------+---------+-------+---------+---------+-------
